 Dungeon Crawl Stone Soup version 0.28-a0-233-gb8ca4b6547 (webtiles) character file.

Game seed: 1899573626364084916

235 willcat the Sneak (level 6, 0/37 HPs)
             Began as a Kobold Delver on Aug 23, 2021.
             Slain by Prince Ribbit (16 damage)
             ... on level 5 of the Dungeon.
             The game lasted 00:01:20 (1233 turns).

willcat the Sneak (Kobold Delver)                   Turns: 1233, Time: 00:01:20

Health: 0/37       AC:  3    Str: 10    XL:     6   Next: 26%
Magic:  6/6        EV: 13    Int: 12    God:
Gold:   47         SH:  9    Dex: 17    Spells: 5/5 levels left

rFire   . . .      SeeInvis .   a - +0 short sword
rCold   . . .      Faith    .   k - +0 kite shield
rNeg    . . .      Spirit   .   b - +0 leather armour
rPois   .          Reflect  .   (no helmet)
rElec   .          Harm     .   (no cloak)
rCorr   .          Rampage  .   (no gloves)
Will    .....                   (no boots)
Stlth   +++++.....              (no amulet)
HPRegen 0.12/turn               h - ring of wizardry
MPRegen 0.10/turn               (no ring)

@: lethally poisoned (0 -> -6), weak-willed
A: small, no large weapons, nightstalker 3
a: no special abilities


You were on level 5 of the Dungeon.
You visited 1 branch of the dungeon, and saw 2 of its levels.

You collected 47 gold pieces.

Inventory:

Hand Weapons
 a - a +0 short sword (weapon)
Armour
 b - a +0 leather armour (worn)
 k - a +0 kite shield (worn)
 l - a +0 crystal plate armour
Jewellery
 h - a ring of wizardry (left hand)
Wands
 g - a wand of digging (2)
Scrolls
 c - a scroll of fog
 d - a scroll of magic mapping
Potions
 e - a potion of might {unknown}
 f - 2 potions of haste
 j - a potion of invisibility {unknown}
 m - 2 potions of heal wounds {unknown}


   Skills:
 - Level 3.2 Fighting
 + Level 4.6 Short Blades
 + Level 4.2 Dodging
 + Level 7.8 Stealth
 + Level 2.1 Shields


You had 5 spell levels left.
You didn't know any spells.
Your spell library was empty.

Dungeon Overview and Level Annotations

Branches:
Dungeon (6/15)
 Temple: D:4-7

Altars:

Annotations:
D:5 3 runed translucent doors, Prince Ribbit


Innate Abilities, Weirdness & Mutations

You are small and have problems with some larger weapons.
You are completely attuned to the shadows.


Message History

The scorpion barely misses you. x2
You closely miss the scorpion.
The scorpion is lightly wounded.
You block the scorpion's attack.
You completely miss the scorpion.
The scorpion is lightly wounded.
The scorpion misses you.
You barely miss the scorpion.
The scorpion is lightly wounded.
The scorpion completely misses you. The scorpion closely misses you.
You barely miss the scorpion.
The scorpion is lightly wounded.
The scorpion closely misses you.
You closely miss the scorpion.
The scorpion is lightly wounded.
The scorpion stings you.
You are poisoned.
The scorpion poisons you!
Prince Ribbit gives a loud, deep croak!
You hit the scorpion but do no damage.
The scorpion is lightly wounded.
You feel very sick. You block the scorpion's attack. x2
Unknown command.
As you read the scroll labelled ETRAET HUSOSK, it crumbles to dust.
Magic quickly surges around you.
It was a scroll of vulnerability.
You feel very sick. Prince Ribbit closely misses you.
You block the scorpion's attack.
Unknown command.
As you read the scroll labelled TUNIL LA QEOS, it crumbles to dust.
The creatures around you are filled with an inner flame!
It was a scroll of immolation.
You feel sick. You block Prince Ribbit's attack. The scorpion stings you.
Unknown command.
As you read the scroll labelled SIOTUN GOLLUWN, it crumbles to dust.
You speak a Word of immense power!
It was a scroll of holy word.
You feel sick. Prince Ribbit hits you.
The scorpion stings you but does no damage.
Prince Ribbit hits you!
You die...

#.# ##.## #.###...##
#.##.....##
#)#.......##
.>.........#####.#.##
##.........##.......#
##.........##......<###
###.......###...sF.....
# ##.....## #...@....$.
#####...## #....$..#.#
##.....## #.......#
#.###..######.........
.## ##.........#.###..
## ##..#####.#... .. #
#.#>.....#.... ##
##.#.####.#.### .##
##.##.# ....


You could see Prince Ribbit (inner flame, weak-willed) and a scorpion (inner
flame, weak-willed).

Vanquished Creatures
  2 ogres (D:5)
  A hound (D:5)
  A centaur skeleton (D:5)
  An adder (D:5)
  An adder zombie (D:5)
  A dart slug (D:5)
7 creatures vanquished.

Notes
Turn   | Place    | Note
-------+----------+-------------------------------------------
     0 | D:5      | willcat the Kobold Delver began the quest for the Orb.
     0 | D:5      | Reached XP level 1. HP: 14/14 MP: 1/1
     1 | D:6      | Noticed an orc priest
   558 | D:5      | Reached skill level 1 in Shields
   558 | D:5      | Reached XP level 2. HP: 19/19 MP: 2/2
   558 | D:5      | Reached XP level 3. HP: 23/23 MP: 3/3
   589 | D:5      | Reached skill level 7 in Stealth
   615 | D:5      | Noticed an ogre
   619 | D:5      | Killed an ogre
   620 | D:5      | Reached XP level 4. HP: 28/28 MP: 4/4
   620 | D:5      | Reached XP level 5. HP: 32/32 MP: 5/5
   751 | D:5      | Noticed an ogre
   759 | D:5      | Killed an ogre
   760 | D:5      | Reached XP level 6. HP: 33/37 MP: 6/6
   893 | D:5      | Noticed Prince Ribbit
   902 | D:5      | Found a runed translucent gate.
   903 | D:5      | Found a runed translucent gate.
   903 | D:5      | Found a runed translucent gate.
  1233 | D:5      | Slain by Prince Ribbit

Illustrated notes

Levels and vault maps discovered:
D:5:      layout_loops_ring, gammafunk_ghost_cemetery, uniq_prince_ribbit1
D:6:      layout_loops_cross, kiku_gazebo_garden_becter,
          cheibrodos_sewer_entry_bend, nicolae_wooded_promenade, uniq_pikel,
          uniq_grinder

Skill      XL: |  1  2  3  4  5 |
---------------+----------------+-----
Short Blades   | 3 4 |  4.6
Dodging        | 3 4 |  4.2
Shields        | 1 2 |  2.1
Stealth        | 7 |  7.8
Fighting       | |  3.2

Action                   |  1- 3 |  4- 6 || total
-------------------------+-------+-------++-------
Melee: Short sword       |    14 |    21 ||    35
Evoke: Wand              |       |     1 ||     1
  Use: Scroll            |       |     4 ||     4
 Stab: Sleeping          |     3 |     2 ||     5
       Distracted        |       |     1 ||     1
Armor: Leather armour    |     1 |     2 ||     3
Dodge: Dodged            |     7 |    17 ||    24
Block: Kite shield       |     5 |    14 ||    19

Table legend: (Time is in decaauts)
 A = Elapsed time spent in this place.
 B = Non-inter-level travel time spent in this place.
 C = Inter-level travel time spent in this place.
 D = Time resting spent in this place.
 E = Time spent auto-exploring this place.
 F = Levels seen in this place.
 G = Mean time per level.
                   A        B        C        D        E       F      G
               +--------+--------+--------+--------+--------+-----+--------+
         Total |   1241 |   1241 |      0 |    494 |    574 |   2 |  620.5 |
       Dungeon |   1241 |   1241 |      0 |    494 |    574 |   2 |  620.5 |
               +--------+--------+--------+--------+--------+-----+--------+

Top non-repeatable levels by time:
     D:5: 1232 daAuts
     D:6: 8 daAuts
